 Dungeon Crawl Stone Soup version 0.32-a0-699-g1ee5eff69a (webtiles) character file.

Game seed: 4252519023857691799

79 Hubris850 the Firebug (level 4, 0/34 HPs)
             Began as a Mountain Dwarf Fire Elementalist on Mar 13, 2024.
             Slain by a ribbon worm (3 damage)
             ... on level 2 of the Dungeon.
             The game lasted 00:07:01 (2195 turns).

Hubris850 the Firebug (MDFE)                        Turns: 2195, Time: 00:07:02

Health: 0/34       AC:  7    Str: 12    XL:     4   Next: 17%
Magic:  6/8        EV:  8    Int: 16    God:
Gold:   136        SH:  0    Dex: 10    Spells: 6/9 levels left

rFire   . . .        l - +0 hand axe
rCold   . . .        (no shield)
rNeg    . . .        k - +0 scale mail
rPois   .            m - +0 helmet
rElec   .            (no cloak)
rCorr   .            (no gloves)
SInv    .            (no boots)
Will    .....        (no amulet) Stlth
                     (no ring)
HPRegen 0.25/turn    (no ring)
MPRegen 0.11/turn

%: no passive effects
@: no status effects
A: runic magic, artefact enchanting
a: no special abilities


You were on level 2 of the Dungeon.
You visited 1 branch of the dungeon, and saw 2 of its levels.

You collected 136 gold pieces.

Inventory:

Hand Weapons
 f - a +0 club
 g - a +0 dagger
 h - a +0 short sword
 l - a +0 hand axe (weapon)
Armour
 a - a +0 robe
 i - a +0 leather armour
 k - a +0 scale mail (worn)
 m - a +0 helmet (worn)
Scrolls
 d - 3 scrolls of teleportation {unknown}
 e - 2 scrolls of noise {unknown}
 j - a scroll of blinking {unknown}
 o - a scroll of enchant armour {unknown}
Potions
 b - a potion of magic
 c - a potion of mutation {unknown}
 n - a potion of enlightenment {unknown}


   Skills:
 + Level 0.4 Fighting
 + Level 0.4 Axes
 + Level 0.3 Armour
 - Level 1.4 Dodging
 - Level 1.4 Stealth
 - Level 3.0 Spellcasting
 - Level 2.0 Conjurations
 - Level 4.0 Fire Magic


You had 6 spell levels left.
You knew the following spells:

 Your Spells              Type           Power      Damage    Failure   Level
a - Foxfire               Conj/Fire      48%        2x1d6     9%          1
b - Scorch                Fire           30%        2d6       9%          2

Your spell library contained the following spells:

 Spells                   Type           Power      Damage    Failure   Level
 Sting                    Conj/Alch      20%        1d4       19%         1
 Inner Flame              Hex/Fire       8%         N/A       36%         3
 Volatile Blastmotes      Fire/Tloc      16%        2d11      36%         3
 Mercury Vapours          Alch/Air       4%         N/A       38%         2
 Stone Arrow              Conj/Erth      10%        3d7       50%         3
 Tukima's Dance           Hex            2%         N/A       63%         3
 Flame Wave               Conj/Fire      12%        2d6       63%         4
 Iskenderun's Mystic Bla  Conj/Tloc      5%         2d3       88%         4
 Animate Armour           Summ/Erth      4%         N/A       95%         4
 Dimensional Bullseye     Hex/Tloc       1%         N/A       95%         4
 Olgreb's Toxic Radiance  Alch           2%         N/A       95%         4
 Lehudib's Crystal Spear  Conj/Erth      2%         10d2      100%        8


Dungeon Overview and Level Annotations

Branches:
Dungeon (2/15)

Altars:
Xom


Innate Abilities, Weirdness & Mutations

Your spellcasting is much less encumbered by armour.
You can use scrolls of enchantment on lesser artefacts.


Message History

The ribbon worm is lightly wounded.
The ribbon worm bites you.
Your magical contamination has completely faded away.
You hit the ribbon worm.
The ribbon worm is moderately wounded.
The ribbon worm bites you but does no damage.
You barely miss the ribbon worm.
The ribbon worm is moderately wounded.
The ribbon worm closely misses you.
You barely miss the ribbon worm.
The ribbon worm is lightly wounded.
The ribbon worm bites you. The ribbon worm closely misses you.
You barely miss the ribbon worm.
The ribbon worm is lightly wounded.
The ribbon worm bites you.
You hit the ribbon worm.
The ribbon worm is lightly wounded.
The ribbon worm bites you but does no damage.
You hit the ribbon worm.
The ribbon worm is moderately wounded.
The ribbon worm expels a string of sticky webbing.
The stream of webbing hits you but does no damage.
You are caught in a web!
You struggle to detach yourself from the web.
The web tears apart.
The ribbon worm bites you.
You completely miss the ribbon worm.
The ribbon worm is moderately wounded.
The ribbon worm bites you.
* * * LOW HITPOINT WARNING * * *
You hit the ribbon worm.
The ribbon worm is moderately wounded.
The ribbon worm bites you!
* * * LOW HITPOINT WARNING * * *
Casting: Scorch (safe; 9% risk of failure)
Confirm with . or Enter, or press ? or * to list all spells.
Flames lash the ribbon worm.
The ribbon worm is heavily wounded.
The ribbon worm's fire resistance burns away.
The ribbon worm bites you.
You die...

...#......##.....#
#......#
.................#
###.####
...#......##.....#
#...#
####....#.##.....#
#...#
#.##.#.########
#...# #.. .... ..
##.## ### .#.## #.
#.# .#.#####.#####
#.#
##...w@..[####.#
#...#.###......#
... ... ######## .
....# # #..... #
##...# # ####
##### ....#


You could see a ribbon worm (catching breath, combustible).

Vanquished Creatures
  3 adders (D:2)
  6 bats
  7 endoplasms
  A giant cockroach (D:1)
  6 hobgoblins
  2 jackals (D:2)
  7 kobolds
  4 quokkas
  3 ball pythons
  2 frilled lizards
  3 goblins
  2 rats (D:1)
46 creatures vanquished.

Vanquished Creatures (others)
  85 foxfires
85 creatures vanquished.

Grand Total: 131 creatures vanquished

Notes
Turn   | Place    | Note
-------+----------+-------------------------------------------
     0 | D:1      | Hubris850 the Mountain Dwarf Fire Elementalist began the
                  | quest for the Orb.
     0 | D:1      | Reached XP level 1. HP: 14/14 MP: 3/3
    68 | D:1      | Reached skill level 1 in Conjurations
   261 | D:1      | Reached XP level 2. HP: 20/20 MP: 3/5
   588 | D:1      | Reached skill level 4 in Fire Magic
  1117 | D:1      | Reached XP level 3. HP: 20/26 MP: 6/6
  1678 | D:2      | Found a shimmering altar of Xom.
  2030 | D:2      | Reached XP level 4. HP: 33/33 MP: 3/8
  2100 | D:2      | Learned a level 2 spell: Scorch
  2195 | D:2      | Slain by a ribbon worm

Illustrated notes

Levels and vault maps discovered:
D:1:      dpeg_arrival_rhombus, layout_loops_corners
D:2:      layout_loops_cross, basic_altar

Skill      XL: |  1  2  3 |
---------------+----------+-----
Conjurations   | 1 2 |  2.0
Spellcasting   | 2 3 |  3.0
Fire Magic     | 4 |  4.0
Fighting       | |  0.4
Axes           | |  0.4
Armour         | |  0.3
Dodging        | |  1.4
Stealth        | |  1.4

Action                     |  1- 3 |  4- 6 || total
---------------------------+-------+-------++-------
  Melee: Unarmed           |    41 |       ||    41
         Dagger            |    26 |       ||    26
         Short sword       |    21 |       ||    21
         Hand axe          |    11 |    24 ||    35
   Cast: Foxfire           |    50 |       ||    50
         Scorch            |       |     1 ||     1
   Stab: Sleeping          |     1 |       ||     1
 Armour: Robe              |    40 |       ||    40
         Leather armour    |     8 |       ||     8
         Scale mail        |     4 |    22 ||    26
  Dodge: Dodged            |    53 |    11 ||    64

Table legend: (Time is in decaauts)
 A = Elapsed time spent in this place.
 B = Non-inter-level travel time spent in this place.
 C = Inter-level travel time spent in this place.
 D = Time resting spent in this place.
 E = Time spent auto-exploring this place.
 F = Levels seen in this place.
 G = Mean time per level.
                   A        B        C        D        E       F      G
               +--------+--------+--------+--------+--------+-----+--------+
         Total |   2202 |   2158 |     44 |     91 |   1642 |   2 | 1101.0 |
       Dungeon |   2202 |   2158 |     44 |     91 |   1642 |   2 | 1101.0 |
               +--------+--------+--------+--------+--------+-----+--------+

Top non-repeatable levels by time:
     D:1: 1325 daAuts
     D:2: 877 daAuts
